Map: Radhuset Station LE

Players

WINDEX

  • Race: Terran Terran
  • League: Diamond
  • Spawn Location: 1:00

SubN - Winner!

  • Race: Zerg Zerg
  • League: Diamond
  • Spawn Location: 7:00

VOD

Have the link to the VOD?

Description

Time

  • Played on: Dec. 26, 2023, 10:55 p.m.
  • Length: 12:30
Show
View Real Time Build Order
Export as new Build Order

WINDEX Terran 

Build Orders: Mech 

Get SALT Encoding   

  12  0:00  SCV  
  13  0:12  SCV  
  14  0:17  Supply Depot  
  14  0:25  SCV  
  15  0:39  SCV  
  15  0:41  Barracks  
  16  0:45  Refinery  
  16  0:51  SCV  
  17  0:57  Refinery  
  17  1:03  SCV  
  18  1:10  Supply Depot  
  18  1:15  SCV  
  19  1:29  Barracks Reactor  
  19  1:33  Orbital Command  
  19  1:49  Factory  
  19  2:00  SCV  
  20  2:05  Reaper  
  20  2:07  Reaper  
  22  2:12  SCV  
  23  2:24  SCV  
  24  2:30  Command Center  
  24  2:36  SCV  
  25  2:48  SCV  
  25  2:49  Barracks Tech Lab  
  25  2:50  Hellion  
  30  2:51  Hellion  
  30  2:55  Supply Depot  
  30  3:00  SCV  
  31  3:05  Starport  
  31  3:16  Hellion, SCV  
  31  3:18  Marine  
  35  3:22  Hellion  
  37  3:28  SCV  
  38  3:37  Factory  
  38  3:38  Marine  
  39  3:42  SCV  
  40  3:53  Hellion  
  40  3:55  Cyclone, SCV  
  44  3:58  Orbital Command  
  44  4:00  Starport Reactor  
  45  4:08  Marine, SCV  
  47  4:22  Engineering Bay  
  47  4:23  SCV  
  48  4:24  Factory Tech Lab  
  48  4:25  Supply Depot  
  48  4:31  Marine  
  48  4:35  SCV  
  48  4:36  Orbital Command  
  50  4:47  SCV, Siege Tank  
  50  4:48  Supply Depot  
  50  4:49  Marine  
  56  5:00  SCV  
  56  5:01  Hellion  
  56  5:02  Liberator  
  56  5:06  SCV  
  62  5:12  Missile Turret  
  62  5:13  SCV  
  63  5:20  Supply Depot  
  63  5:23  Supply Depot  
  63  5:27  SCV x2  
  65  5:28  Marine  
  66  5:37  Siege Tank  
  66  5:39  SCV  
  66  5:42  SCV  
  71  5:49  Supply Depot  
  71  5:51  Supply Depot, SCV  
  71  5:54  Viking, SCV  
  75  5:59  Marine  
  75  6:03  SCV  
  77  6:04  Factory  
  77  6:06  SCV  
  77  6:09  Siege Tank  
  81  6:15  SCV  
  81  6:16  Missile Turret  
  81  6:17  Refinery  
  82  6:18  SCV  
  82  6:19  Cyclone, Refinery  
  85  6:27  SCV  
  85  6:30  Hellion, SCV  
  85  6:31  Viking  
  92  6:40  SCV  
  92  6:43  SCV  
  93  6:51  Command Center  
  93  6:52  SCV  
  94  6:54  Factory Tech Lab  
  94  6:55  SCV  
  94  7:00  Siege Tank  
  98  7:04  Hellion, SCV  
  98  7:07  SCV  
  102  7:19  Barracks  
  102  7:26  Supply Depot  
  102  7:27  Barracks  
  102  7:28  Supply Depot  
  102  7:29  Cyclone, SCV x2  
  106  7:31  Combat Shield  
  106  7:41  SCV x2, Armory  
  108  7:47  Siege Tank  
  108  7:50  Siege Tank  
  114  8:00  Marine, Widow Mine  
  117  8:09  Hellion  
  119  8:13  Viking  
  119  8:16  SCV  
  119  8:17  SCV  
  119  8:19  Marauder, Siege Tank  
  128  8:21  Cyclone  
  128  8:24  Supply Depot, Barracks Tech Lab  
  128  8:25  Barracks Tech Lab  
  130  8:28  SCV  
  130  8:29  SCV  
  132  8:34  Barracks  
  132  8:37  Siege Tank  
  132  8:39  Widow Mine  
  132  8:40  SCV  
  138  8:41  Marine  
  138  8:43  Medivac  
  141  8:49  Stimpack  
  141  8:50  SCV  
  141  8:53  SCV  
  143  8:57  Supply Depot  
  143  9:00  Supply Depot  
  143  9:03  SCV  
  143  9:04  Siege Tank  
  143  9:06  Marine  
  143  9:07  Marine  
  149  9:23  Marine  
  138  9:24  Marine x2  
  128  9:31  Siege Tank  
  128  9:32  Hellion x2, Viking  
  128  9:34  SCV x2  
  136  9:41  Marine  
  134  9:48  Hellion  
  128  9:55  Marine x2, SCV x2  
  128  9:57  Hellion x2  
  128  9:58  Marine  
  128  10:07  SCV  
  128  10:12  Siege Tank x2  
  128  10:13  Marine x2  
  119  10:16  Marine  
  119  10:19  SCV  
  119  10:20  SCV  
  111  10:23  Cyclone  
  111  10:24  Hellion  
  115  10:31  Terran Infantry Armor Level 1, Marine, SCV  
  115  10:32  SCV  
  115  10:33  Terran Vehicle Weapons Level 1  
  118  10:41  Planetary Fortress  
  118  10:45  Marine x2  
  118  10:49  Barracks, Marine  
  121  10:52  Concussive Shells  
  121  10:54  Marine  
  120  10:58  Siege Tank  
  120  11:03  Marauder, Medivac  
  127  11:04  Medivac  
  127  11:05  SCV x2  
  127  11:10  Refinery  
  131  11:11  Refinery  
  131  11:12  Missile Turret  
  131  11:16  Supply Depot  
  131  11:17  SCV  
  131  11:18  Supply Depot  
  132  11:19  SCV  
  132  11:20  SCV  
  132  11:21  Marine x3  
  132  11:24  Marine  
  138  11:31  Siege Tank  
  144  11:32  Siege Tank  
  144  11:34  Widow Mine  
  144  11:35  Widow Mine  
  144  11:38  Marine x2  
  144  11:39  Marine  
  151  11:42  Marine  
  151  11:46  Marine  
  153  11:51  Viking  
  153  11:52  Viking  
  153  11:53  SCV x2  
  159  11:56  Marine x2  
  159  11:57  Hellion, Marine  
  159  11:58  Hellion  
  159  12:00  Marine  
  163  12:04  Marine  
Show
View Real Time Build Order
Export as new Build Order

SubN Zerg - Winner!

Build Orders: Hatch First 

Get SALT Encoding   

  12  0:00  Drone  
  13  0:12  Overlord  
  13  0:17  Drone  
  14  0:30  Drone x2  
  16  0:51  Hatchery  
  16  0:53  Drone  
  16  0:56  Drone  
  17  0:59  Drone  
  17  1:02  Extractor  
  17  1:17  Spawning Pool  
  16  1:20  Drone  
  16  1:24  Drone  
  18  1:28  Drone  
  19  1:40  Drone  
  20  1:48  Overlord  
  20  2:04  Queen  
  20  2:05  Queen  
  20  2:07  Zergling x2  
  25  2:14  Metabolic Boost  
  25  2:17  Zergling x2  
  25  2:21  Drone  
  28  2:22  Drone  
  28  2:26  Drone  
  28  2:29  Drone  
  30  2:49  Hatchery  
  29  2:52  Queen  
  29  2:57  Drone x2  
  33  3:02  Overlord  
  33  3:06  Drone  
  33  3:07  Drone  
  33  3:10  Drone  
  36  3:16  Overlord  
  36  3:21  Drone x3  
  39  3:32  Evolution Chamber  
  38  3:36  Roach Warren  
  38  3:41  Spine Crawler, Queen  
  41  3:55  Drone x6  
  44  4:06  Evolution Chamber  
  44  4:08  Drone x3  
  47  4:11  Queen  
  49  4:24  Extractor  
  49  4:26  Extractor  
  49  4:28  Drone x3  
  49  4:30  Overlord x5  
  50  4:51  Drone  
  50  4:52  Drone x5  
  56  4:55  Drone x5  
  61  5:04  Drone x2  
  63  5:08  Drone  
  63  5:13  Extractor  
  63  5:24  Drone x7  
  63  5:27  Pneumatized Carapace  
  70  5:31  Queen  
  70  5:33  Drone x7  
  79  5:36  Extractor  
  79  5:38  Drone  
  79  5:39  Extractor  
  80  5:43  Hatchery  
  79  5:50  Zerg Missile Weapons Level 1  
  79  5:54  Zerg Ground Armor Level 1  
  77  6:08  Drone x2  
  79  6:17  Drone  
  80  6:21  Lair  
  80  6:29  Overlord  
  80  6:30  Hatchery  
  74  6:45  Spore Crawler  
  73  6:50  Drone x2  
  73  6:51  Queen  
  77  6:54  Queen  
  77  6:57  Overlord x4  
  77  6:58  Overlord  
  77  7:00  Roach  
  77  7:01  Roach x11  
  103  7:22  Hydralisk Den  
  102  7:24  Drone x2  
  102  7:25  Baneling Nest  
  102  7:26  Drone x8  
  102  7:27  Drone x5  
  102  7:29  Ravager  
  117  7:30  Ravager x6  
  117  7:32  Zergling x2  
  117  7:33  Zergling x10  
  129  7:39  Overseer x2  
  129  7:41  Overseer  
  129  7:43  Overseer  
  129  7:44  Queen  
  129  7:51  Drone x3  
  134  7:56  Muscular Augments  
  134  8:00  Roach x2  
  134  8:01  Overlord x2  
  134  8:02  Overlord x4  
  138  8:09  Glial Reconstitution  
  138  8:11  Zergling x8  
  142  8:19  Queen  
  144  8:20  Extractor  
  144  8:21  Drone x3  
  144  8:24  Drone x3  
  144  8:25  Drone x3, Extractor  
  153  8:27  Roach x7  
  153  8:29  Hydralisk x2  
  169  8:40  Hydralisk x4  
  169  8:41  Hydralisk  
  177  8:43  Zergling x2  
  177  8:44  Zergling x6  
  183  8:55  Queen  
  185  8:58  Zergling x2  
  185  8:59  Zergling x8  
  185  9:00  Overlord x2, Grooved Spines  
  185  9:01  Overlord x3  
  185  9:02  Spore Crawler  
  189  9:17  Overlord x4  
  170  9:30  Hydralisk  
  170  9:31  Hydralisk x14  
  134  9:33  Zergling x2  
  134  9:34  Zergling x8  
  167  9:42  Roach  
  145  9:54  Zergling x2  
  145  9:55  Roach x6  
  145  9:56  Roach x7  
  145  9:58  Zerg Missile Weapons Level 2  
  145  9:59  Zerg Melee Weapons Level 1  
  172  10:02  Roach  
  169  10:11  Queen  
  150  10:15  Centrifugal Hooks  
  150  10:22  Drone x9  
  158  10:44  Overseer x2, Hatchery  
  158  10:47  Extractor  
  156  11:02  Ravager  
  156  11:03  Ravager x9  
  166  11:06  Zergling x28  
  166  11:07  Zergling x20  
  190  11:21  Infestation Pit  
  190  11:24  Zergling x2  
  190  11:25  Zergling x18  
Tags
 
Composition
Mech
Matchup
TvZ
Replay Pack
2025 replay dump
Spawn Locations
Cross Positions
Add a new tag
Caveats
  • Supply blocks, unpowered buildings, or Contaminate may cause inaccurate times.
  • Supply counts are checked every 10 seconds.